FSL
DAYTONA TORTUGAS @ LAKELAND FLYING TIGERS
08/24/2098
 
TOP OF THE 1ST
Daytona Tortugas batting - Pitching for Lakeland Flying Tigers : RHP Brad D'Attilo
Pitching: RHP Brad D'Attilo
Batting: SHB Ruben Rubi 0-0: Called Strike
0-1: Foul Ball, location: 23FF
0-2: Ground out 4-3 (Groundball, 4, EV 84.4 MPH)
Batting: RHB Joe Mills 0-0: Called Strike
0-1: Swinging Strike
0-2: Ball
1-2: Ball
2-2: Foul Ball, location: 9LDF
2-2: DOUBLE (Flyball, 78D, EV 101.9 MPH)
Batting: RHB David Clinkscale 0-0: Ball
1-0: Swinging Strike
1-1: Ground out 6-3 (Groundball, 6, EV 98.8 MPH)
Batting: RHB Ivan Gallegos 0-0: Ball
1-0: Ball
2-0: Called Strike
2-1: Swinging Strike
2-2: Ball
3-2: Fly out, F9 (Flyball, 9D, EV 110.6 MPH)
Top of the 1st over - 0 runs, 1 hit, 0 errors, 1 left on base; Daytona 0 - Lakeland 0
BOTTOM OF THE 1ST
Lakeland Flying Tigers batting - Pitching for Daytona Tortugas : RHP Adam DiFrancesco
Pitching: RHP Adam DiFrancesco
Batting: RHB Quincy Behan 0-0: Ball
1-0: Fly out, F9 (Flyball, 9D, EV 96.3 MPH)
Batting: LHB Ron Devers 0-0: Called Strike
0-1: Ball
1-1: Fly out, F8 (Line Drive, 89M, EV 93.1 MPH)
Batting: RHB Ruben Garcia 0-0: Ball
1-0: Ball
2-0: Ball
3-0: Called Strike
3-1: Fly out, F8 (Flyball, 8LS, EV 76.3 MPH)
Bottom of the 1st over - 0 runs, 0 hits, 0 errors, 0 left on base; Daytona 0 - Lakeland 0
TOP OF THE 2ND
Daytona Tortugas batting - Pitching for Lakeland Flying Tigers : RHP Brad D'Attilo
Batting: LHB Alexis Viramontes 0-0: SINGLE (Groundball, 3D, EV 93.8 MPH)
Batting: LHB Bobby Reicherter 0-0: Foul Ball, location: 25F
0-1: Foul Ball, location: 7LDF
0-2: Strikes out swinging
Batting: LHB Jordan Segura 0-0: Ball
1-0: Ball
2-0: Swinging Strike
2-1: Ball
3-1: Swinging Strike
3-2: Foul Ball, location: 2LF
3-2: Strikes out looking
Alexis Viramontes is caught stealing 2nd base 2-6
Batter strikes out.
Top of the 2nd over - 0 runs, 1 hit, 0 errors, 0 left on base; Daytona 0 - Lakeland 0
BOTTOM OF THE 2ND
Lakeland Flying Tigers batting - Pitching for Daytona Tortugas : RHP Adam DiFrancesco
Batting: RHB Ed Hochstetler 0-0: Called Strike
0-1: Ball
1-1: Fly out, F6 (Popup, 6, EV 69.4 MPH)
Batting: LHB Dusty Ancona 0-0: Foul Ball, location: 3F
0-1: Ball
1-1: Foul Ball, location: 2F
1-2: Foul Ball, location: 23FF
1-2: Ball
2-2: Foul Ball, location: 3DF
2-2: Ball
3-2: Fly out, F9 (Line Drive, 89M, EV 84.4 MPH)
Batting: RHB Joe McFadden 0-0: Ball
1-0: Ground out 4-3 (Groundball, 4M, EV 86.9 MPH)
Bottom of the 2nd over - 0 runs, 0 hits, 0 errors, 0 left on base; Daytona 0 - Lakeland 0
TOP OF THE 3RD
Daytona Tortugas batting - Pitching for Lakeland Flying Tigers : RHP Brad D'Attilo
Batting: RHB Rodolfo Mendoza 0-0: Ball
1-0: Called Strike
1-1: SINGLE (Flyball, 8RS, EV 96.3 MPH)
Batting: RHB Eddie Verduzco 0-0: Ball
1-0: Foul Ball, location: 9LSF
1-1: Called Strike
1-2: Ball
Wild Pitch!
Rodolfo Mendoza to second
2-2: Strikes out swinging
Batting: SHB Ruben Rubi 0-0: Called Strike
0-1: Ball
1-1: Ball
2-1: Ball
3-1: Foul Ball, location: 2F
3-2: Fly out, F7 (Flyball, 7, EV 93.1 MPH)
Batting: RHB Joe Mills 0-0: Ball
1-0: SINGLE (Groundball, 4MD, EV 98.1 MPH)
Rodolfo Mendoza to third
Runner from 3rd tries for Home, SAFE, throw by CF to home
Batting: RHB David Clinkscale 0-0: Ball
1-0: Foul Ball, location: 2F
1-1: Fly out, F8 (Flyball, 8LD, EV 108.1 MPH)
Top of the 3rd over - 1 run, 2 hits, 0 errors, 1 left on base; Daytona 1 - Lakeland 0
BOTTOM OF THE 3RD
Lakeland Flying Tigers batting - Pitching for Daytona Tortugas : RHP Adam DiFrancesco
Batting: LHB Alex Pacheco 0-0: Ball
1-0: Ground out 6-3 (Groundball, 6, EV 86.9 MPH)
Batting: LHB Mike Giordano 0-0: SINGLE (Groundball, 6, EV 89.4 MPH)
Batting: LHB Ted Oetken 0-0: SINGLE (Groundball, 6S, EV 72.5 MPH) (infield hit)
Mike Giordano to second
Batting: RHB Quincy Behan 0-0: Ball
1-0: Swinging Strike
1-1: SINGLE (Line Drive, 6M, EV 102.5 MPH)
Mike Giordano to third
Ted Oetken to second
Runner from 3rd tries for Home, SAFE, throw by CF to home
Batting: LHB Ron Devers 0-0: Ball
1-0: DOUBLE (Line Drive, 8RD, EV 109.4 MPH)
Ted Oetken scores
Quincy Behan to third
Runner from 3rd tries for Home, SAFE, no throw by CF
Batting: RHB Ruben Garcia 0-0: Foul Ball, location: 2F
0-1: SINGLE (Line Drive, 7LS, EV 95.6 MPH)
Ron Devers to third
Batting: RHB Ed Hochstetler 0-0: Ball
1-0: Swinging Strike
1-1: Foul Ball, location: 3F
1-2: Strikes out swinging
Batting: LHB Dusty Ancona 0-0: Ball
1-0: Foul Ball, location: 2F
1-1: Swinging Strike
1-2: Ground out 4-3 (Groundball, 34, EV 91.3 MPH)
Bottom of the 3rd over - 3 runs, 5 hits, 0 errors, 2 left on base; Daytona 1 - Lakeland 3
TOP OF THE 4TH
Daytona Tortugas batting - Pitching for Lakeland Flying Tigers : RHP Brad D'Attilo
Batting: RHB Ivan Gallegos 0-0: Ball
1-0: Fly out, F8 (Line Drive, 78M, EV 93.8 MPH)
Batting: LHB Alexis Viramontes 0-0: Fly out, F8 (Flyball, 8RM, EV 89.4 MPH)
Batting: LHB Bobby Reicherter 0-0: Ball
1-0: Fly out, F3 (Popup, 3SF, EV 86.9 MPH)
Top of the 4th over - 0 runs, 0 hits, 0 errors, 0 left on base; Daytona 1 - Lakeland 3
BOTTOM OF THE 4TH
Lakeland Flying Tigers batting - Pitching for Daytona Tortugas : RHP Adam DiFrancesco
Batting: RHB Joe McFadden 0-0: Swinging Strike
0-1: Ball
1-1: Foul Ball, location: 25F
1-2: Ball
2-2: Foul Ball, location: 5FF
2-2: Ball
3-2: Strikes out looking
Batting: LHB Alex Pacheco 0-0: Fly out, F5 (Popup, 5, EV 71.9 MPH)
Batting: LHB Mike Giordano 0-0: Ball
1-0: SINGLE (Groundball, 34D, EV 96.3 MPH)
Batting: LHB Ted Oetken 0-0: Ball
1-0: Called Strike
1-1: Foul Ball, location: 2F
1-2: Ball
2-2: Ball
3-2: Ground out 5-3 (Groundball, 56, EV 100.6 MPH)
Bottom of the 4th over - 0 runs, 1 hit, 0 errors, 1 left on base; Daytona 1 - Lakeland 3
TOP OF THE 5TH
Daytona Tortugas batting - Pitching for Lakeland Flying Tigers : RHP Brad D'Attilo
Batting: LHB Jordan Segura 0-0: Ball
1-0: Called Strike
1-1: Called Strike
1-2: Foul Ball, location: 25F
1-2: Foul Ball, location: 5F
1-2: Fly out, F7 (Flyball, 7, EV 96.3 MPH)
Batting: RHB Rodolfo Mendoza 0-0: Ball
1-0: Fly out, F7 (Line Drive, 78M, EV 91.9 MPH)
Batting: RHB Eddie Verduzco 0-0: Ground out 5-3 (Groundball, 56S, EV 64.4 MPH)
Top of the 5th over - 0 runs, 0 hits, 0 errors, 0 left on base; Daytona 1 - Lakeland 3
BOTTOM OF THE 5TH
Lakeland Flying Tigers batting - Pitching for Daytona Tortugas : RHP Adam DiFrancesco
Batting: RHB Quincy Behan 0-0: Foul Ball, location: 3SF
0-1: Ball
1-1: Fly out, F9 (Flyball, 9LM, EV 85.0 MPH)
Batting: LHB Ron Devers 0-0: Ball
1-0: Foul Ball, location: 23FF
1-1: Ball
2-1: DOUBLE (Line Drive, 7LM, EV 94.4 MPH)
Batting: RHB Ruben Garcia 0-0: Called Strike
0-1: Ground out 5-3 (Groundball, 5, EV 93.8 MPH)
Batting: RHB Ed Hochstetler 0-0: Called Strike
0-1: Foul Ball, location: 3DF
0-2: Strikes out swinging
Bottom of the 5th over - 0 runs, 1 hit, 0 errors, 1 left on base; Daytona 1 - Lakeland 3
TOP OF THE 6TH
Daytona Tortugas batting - Pitching for Lakeland Flying Tigers : RHP Brad D'Attilo
Batting: SHB Ruben Rubi 0-0: Ball
1-0: Ball
2-0: Ball
3-0: Called Strike
3-1: Called Strike
3-2: Base on Balls
Batting: RHB Joe Mills 0-0: Called Strike
0-1: Swinging Strike
0-2: Fly out, F9 (Flyball, 89M, EV 87.5 MPH)
Batting: RHB David Clinkscale 0-0: Ball
1-0: Ball
2-0: Ball
3-0: Base on Balls
Ruben Rubi to second
Batting: RHB Ivan Gallegos 0-0: SINGLE (Line Drive, 6MD, EV 96.9 MPH)
Ruben Rubi to third
David Clinkscale to second
Runner from 3rd tries for Home, SAFE, throw by CF to home
Batting: LHB Alexis Viramontes 0-0: Foul Ball, location: 25F
0-1: Called Strike
0-2: Strikes out swinging
Batting: LHB Bobby Reicherter 0-0: Foul Ball, location: 2F
0-1: Called Strike
0-2: Strikes out swinging
Top of the 6th over - 1 run, 1 hit, 0 errors, 2 left on base; Daytona 2 - Lakeland 3
BOTTOM OF THE 6TH
Lakeland Flying Tigers batting - Pitching for Daytona Tortugas : RHP Adam DiFrancesco
Batting: LHB Dusty Ancona 0-0: Ball
1-0: Foul Ball, location: 2F
1-1: Fly out, F3 (Popup, 3S, EV 64.4 MPH)
Batting: RHB Joe McFadden 0-0: Ball
1-0: Foul Ball, location: 7LMF
1-1: Ball
2-1: Ball
3-1: Swinging Strike
3-2: Ground out 6-3 (Groundball, 6, EV 84.4 MPH)
Batting: LHB Alex Pacheco 0-0: Called Strike
0-1: Swinging Strike
0-2: Ball
1-2: Strikes out swinging
Bottom of the 6th over - 0 runs, 0 hits, 0 errors, 0 left on base; Daytona 2 - Lakeland 3
TOP OF THE 7TH
Daytona Tortugas batting - Pitching for Lakeland Flying Tigers : RHP Brad D'Attilo
Batting: LHB Jordan Segura 0-0: Ball
1-0: Foul Ball, location: 2F
1-1: Ball
2-1: Called Strike
2-2: Strikes out swinging, 2-3 out at first.
Batting: RHB Rodolfo Mendoza 0-0: Ball
1-0: Ball
2-0: Fly out, F7 (Flyball, 7LM, EV 88.1 MPH)
Batting: RHB Eddie Verduzco 0-0: Ball
1-0: Ball
2-0: SINGLE (Line Drive, 4D, EV 95.6 MPH)
Pitching: RHP Jim Unknown
Batting: SHB Ruben Rubi 0-0: Ball
1-0: Foul Ball, location: 2RF
1-1: Ground out 3-1 (Groundball, 34S, EV 103.8 MPH)
Top of the 7th over - 0 runs, 1 hit, 0 errors, 1 left on base; Daytona 2 - Lakeland 3
BOTTOM OF THE 7TH
Lakeland Flying Tigers batting - Pitching for Daytona Tortugas : RHP Adam DiFrancesco
Batting: LHB Mike Giordano 0-0: Ball
1-0: Ball
2-0: Called Strike
2-1: SINGLE (Groundball, 4MD, EV 101.3 MPH)
Batting: LHB Ted Oetken 0-0: Ball
1-0: Called Strike
1-1: Ball
2-1: Grounds out, U3 (Groundball, 3L, EV 106.3 MPH)
Pitching: RHP Alex Gonsalez
Batting: RHB Quincy Behan 0-0: Foul Ball, location: 2F
0-1: Ground out 4-3 (Groundball, 4S, EV 87.5 MPH)
Mike Giordano to third
Batting: LHB Ron Devers 0-0: Called Strike
0-1: Ball
1-1: Ball
2-1: Swinging Strike
2-2: Foul Ball, location: 9LMF
2-2: Foul Ball, location: 7LSF
2-2: Ball
3-2: Foul Ball, location: 2F
3-2: Ground out U3 (Groundball, 3, EV 105.0 MPH)
Bottom of the 7th over - 0 runs, 1 hit, 0 errors, 1 left on base; Daytona 2 - Lakeland 3
TOP OF THE 8TH
Daytona Tortugas batting - Pitching for Lakeland Flying Tigers : RHP Jim Unknown
Batting: RHB Joe Mills 0-0: Ball
1-0: Foul Ball, location: 5F
1-1: Ball
2-1: Ball
3-1: Swinging Strike
3-2: Foul Ball, location: 23F
3-2: Base on Balls
Batting: RHB David Clinkscale 0-0: Ball
1-0: Called Strike
1-1: 2-RUN HOME RUN (Flyball, 89XD, EV 109.4 MPH), Distance : 423 ft
Batting: RHB Ivan Gallegos 0-0: Ball
1-0: Called Strike
1-1: Ball
2-1: Swinging Strike
2-2: Ball
3-2: Base on Balls
Batting: LHB Alexis Viramontes 0-0: Ball
1-0: Fly out, F7 (Flyball, 7LD, EV 95.0 MPH)
Batting: LHB Bobby Reicherter 0-0: Ball
1-0: Called Strike
Ivan Gallegos steals 2nd base
1-1: Swinging Strike
1-2: 2-RUN HOME RUN (Flyball, 89XD, EV 111.3 MPH), Distance : 428 ft
Batting: LHB Jordan Segura 0-0: Ball
1-0: Foul Ball, location: 2F
1-1: Ball
2-1: Called Strike
2-2: SINGLE (Groundball, 5D, EV 100.6 MPH)
Batting: RHB Rodolfo Mendoza 0-0: Called Strike
0-1: Ball
1-1: SINGLE (Flyball, 34D, EV 93.1 MPH)
Jordan Segura to second
Batting: RHB Eddie Verduzco 0-0: Foul Ball, location: 2LF, Error on foul ball, E2
0-1: SINGLE (Groundball, 34D, EV 95.6 MPH)
Jordan Segura to third
Rodolfo Mendoza to second
Batting: SHB Ruben Rubi 0-0: Ball
1-0: Ball
2-0: Called Strike
2-1: Ball
3-1: Base on Balls
Jordan Segura scores
Rodolfo Mendoza to third
Eddie Verduzco to second
Batting: RHB Joe Mills 0-0: Swinging Strike
0-1: DOUBLE (Line Drive, 89D, EV 94.4 MPH)
Rodolfo Mendoza scores
Eddie Verduzco scores
Ruben Rubi to third
Pitching: RHP Jim Unknown
Batting: RHB David Clinkscale 0-0: Ball
1-0: Ball
2-0: Ball
3-0: Base on Balls
Batting: RHB Ivan Gallegos 0-0: Called Strike
0-1: Foul Ball, location: 2F
0-2: Ball
1-2: Ball
2-2: Grounds into fielders choice U2 (Groundball, 15S, EV 65.6 MPH)
Joe Mills to third
David Clinkscale to second
Batting: LHB Alexis Viramontes 0-0: Ball
1-0: Ball
2-0: Foul Ball, location: 9LMFF
2-1: Called Strike
2-2: Fly out, F8 (Flyball, 89D, EV 87.5 MPH)
Top of the 8th over - 7 runs, 6 hits, 1 error, 3 left on base; Daytona 9 - Lakeland 3
BOTTOM OF THE 8TH
Lakeland Flying Tigers batting - Pitching for Daytona Tortugas : RHP Alex Gonsalez
Batting: RHB Ruben Garcia 0-0: Ball
1-0: Foul Ball, location: 2F
1-1: Ball
2-1: Foul Ball, location: 3F
2-2: Strikes out swinging
Batting: RHB Ed Hochstetler 0-0: Called Strike
0-1: Ground out 6-3 (Groundball, 6M, EV 105.6 MPH)
Batting: LHB Dusty Ancona 0-0: Ball
1-0: Ball
2-0: Called Strike
2-1: Ball
3-1: Base on Balls
Batting: RHB Joe McFadden 0-0: Foul Ball, location: 2RF
0-1: Fielders Choice at 2nd, 6-4 (Groundball, 6, EV 103.8 MPH)
Bottom of the 8th over - 0 runs, 0 hits, 0 errors, 1 left on base; Daytona 9 - Lakeland 3
TOP OF THE 9TH
Daytona Tortugas batting - Pitching for Lakeland Flying Tigers : RHP Jim Unknown
Batting: LHB Bobby Reicherter 0-0: Ball
1-0: Ball
2-0: Fly out, F8 (Flyball, 78D, EV 89.4 MPH)
Batting: LHB Jordan Segura 0-0: Swinging Strike
0-1: Foul Ball, location: 3F
0-2: Ball
1-2: Foul Ball, location: 7LSF
1-2: Ball
2-2: SINGLE (Groundball, 6MD, EV 101.9 MPH)
Batting: RHB Rodolfo Mendoza 0-0: Called Strike
0-1: Grounds into double play, 5-4-3 (Groundball, 56, EV 90.0 MPH)
Top of the 9th over - 0 runs, 1 hit, 0 errors, 0 left on base; Daytona 9 - Lakeland 3
BOTTOM OF THE 9TH
Lakeland Flying Tigers batting - Pitching for Daytona Tortugas : RHP Alex Gonsalez
Batting: LHB Alex Pacheco 0-0: Ball
1-0: Ground out 5-3 (Groundball, 56S, EV 83.8 MPH)
Batting: LHB Mike Giordano 0-0: Ball
1-0: Called Strike
1-1: Ball
2-1: Ball
3-1: Ground out 4-3 (Groundball, 4S, EV 85.6 MPH)
Batting: LHB Ted Oetken 0-0: Ball
1-0: Swinging Strike
1-1: Foul Ball, location: 9LDF
1-2: Strikes out swinging
Bottom of the 9th over - 0 runs, 0 hits, 0 errors, 0 left on base; Daytona 9 - Lakeland 3
Saturday, April 13th , 2024 - OOTP Baseball 24.11 Build 85